TOP OF THE 1ST |
Eugene Vandals batting - Pitching for Mt. Vernon Bulls : RHP Francisco Esposo
|
Pitching: RHP Francisco Esposo
|
|
Batting: RHB António Reyes
|
0-0: Bunted foul 0-1: Ball 1-1: Called Strike 1-2: Ground out 5-3 (Groundball, 5L, EV 87.5 MPH)
|
Batting: LHB Gabriel Anaya
|
0-0: Swinging Strike 0-1: Ball 1-1: Ball 2-1: SINGLE (Line Drive, 34D, EV 94.4 MPH)
|
Batting: RHB Meshach Ashpenaz
|
0-0: Called Strike 0-1: Foul Ball, location: 2F 0-2: Ball 1-2: Ball 2-2: Ball 3-2: Strikes out swinging
|
Batting: RHB Albert McBride
|
0-0: Ball 1-0: Ball 2-0: Swinging Strike 2-1: Ball 3-1: Called Strike 3-2: Strikes out looking
|
Top of the 1st over - 0 runs, 1 hit, 0 errors, 1 left on base; Eugene 0 - Mt. Vernon 0 |
BOTTOM OF THE 1ST |
Mt. Vernon Bulls batting - Pitching for Eugene Vandals : RHP Akke van der Lee
|
Pitching: RHP Akke van der Lee
|
|
Batting: RHB José González
|
0-0: Swinging Strike 0-1: Called Strike 0-2: SINGLE (Flyball, 9S, EV 95.0 MPH)
|
Batting: LHB Ben Bullock
|
0-0: Ball 1-0: Called Strike 1-1: Called Strike 1-2: Foul Ball, location: 2F 1-2: Ball 2-2: Strikes out looking
|
Batting: LHB Philip Todd
|
0-0: Ball 1-0: Foul Ball, location: 2F 1-1: Called Strike 1-2: Ball 2-2: Strikes out looking
|
Batting: RHB Cyrillo Watson
|
0-0: Swinging Strike 0-1: Ball 1-1: Called Strike 1-2: Foul Ball, location: 2F 1-2: Ball 2-2: Ball José González steals 2nd base (no throw) 3-2: Ground out 5-3 (Groundball, 56, EV 83.1 MPH)
|
Bottom of the 1st over - 0 runs, 1 hit, 0 errors, 1 left on base; Eugene 0 - Mt. Vernon 0 |
TOP OF THE 2ND |
Eugene Vandals batting - Pitching for Mt. Vernon Bulls : RHP Francisco Esposo
|
Batting: RHB Pakarati Girawheen
|
0-0: Ground out 1-3 (Groundball, 23, EV 79.4 MPH)
|
Batting: RHB Myeong-keun Kim
|
0-0: Fly out, F8 (Line Drive, 8RM, EV 91.2 MPH)
|
Batting: RHB Qian-fu Zhou
|
0-0: Ground out 6-3 (Groundball, 6, EV 79.4 MPH)
|
Top of the 2nd over - 0 runs, 0 hits, 0 errors, 0 left on base; Eugene 0 - Mt. Vernon 0 |
BOTTOM OF THE 2ND |
Mt. Vernon Bulls batting - Pitching for Eugene Vandals : RHP Akke van der Lee
|
Batting: RHB Cheng-ho Bu
|
0-0: Ball 1-0: Foul Ball, location: 2F 1-1: Called Strike 1-2: Foul Ball, location: 2F 1-2: Ground out 4-3 (Groundball, 4, EV 86.2 MPH)
|
Batting: RHB John Polk
|
0-0: Foul Ball, location: 2F 0-1: Called Strike 0-2: SINGLE (Line Drive, 56D, EV 105.0 MPH)
|
Batting: RHB Sergio Chávez
|
0-0: Called Strike 0-1: Ball 1-1: Ball 2-1: Ball 3-1: Base on Balls John Polk to second
|
Batting: RHB Donovan Carlson
|
0-0: Swinging Strike 0-1: Ball 1-1: Ball 2-1: Foul Ball, location: 2F 2-2: Foul Ball, location: 2F 2-2: Strikes out swinging
|
Batting: RHB Roberto Sánchez
|
0-0: Ball 1-0: SINGLE (Groundball, 6MD, EV 100.6 MPH) John Polk to third Sergio Chávez to second Runner from 3rd tries for Home, SAFE, no throw by CF
|
Batting: RHB José González
|
0-0: Ball 1-0: Fielders Choice at 2nd, 6-4 (Groundball, 6, EV 105.0 MPH)
|
Bottom of the 2nd over - 1 run, 2 hits, 0 errors, 2 left on base; Eugene 0 - Mt. Vernon 1 |
TOP OF THE 3RD |
Eugene Vandals batting - Pitching for Mt. Vernon Bulls : RHP Francisco Esposo
|
Batting: RHB Per Coppens
|
0-0: Ball 1-0: Ground out 6-3 (Groundball, 56D, EV 86.2 MPH)
|
Batting: RHB Jorge Cruz
|
0-0: SOLO HOME RUN (Flyball, 7LD, EV 93.8 MPH), Distance : 351 ft
|
Batting: RHB António Reyes
|
0-0: Ball 1-0: Swinging Strike 1-1: Ball 2-1: Swinging Strike 2-2: Strikes out swinging
|
Batting: LHB Gabriel Anaya
|
0-0: Called Strike 0-1: Ball 1-1: SINGLE (Groundball, 34D, EV 97.5 MPH)
|
Batting: RHB Meshach Ashpenaz
|
0-0: Foul Ball, location: 2F 0-1: Ball 1-1: Ball 2-1: Fly out, F7 (Flyball, 8LD, EV 73.1 MPH)
|
Top of the 3rd over - 1 run, 2 hits, 0 errors, 1 left on base; Eugene 1 - Mt. Vernon 1 |
BOTTOM OF THE 3RD |
Mt. Vernon Bulls batting - Pitching for Eugene Vandals : RHP Akke van der Lee
|
Batting: LHB Ben Bullock
|
0-0: DOUBLE (Groundball, 5L, EV 103.1 MPH)
|
Batting: LHB Philip Todd
|
0-0: Ball 1-0: Called Strike 1-1: Foul Ball, location: 2F 1-2: 2-RUN HOME RUN (Flyball, 9D, EV 95.6 MPH), Distance : 399 ft
|
Batting: RHB Cyrillo Watson
|
0-0: Ground out 1-3 (Groundball, 13S, EV 69.4 MPH)
|
Batting: RHB Cheng-ho Bu
|
0-0: Ball 1-0: Called Strike 1-1: Ground out 6-3 (Groundball, 6, EV 82.5 MPH)
|
Batting: RHB John Polk
|
0-0: Ball 1-0: Ball 2-0: Called Strike 2-1: Fly out, F7 (Flyball, 7, EV 91.9 MPH)
|
Bottom of the 3rd over - 2 runs, 2 hits, 0 errors, 0 left on base; Eugene 1 - Mt. Vernon 3 |
TOP OF THE 4TH |
Eugene Vandals batting - Pitching for Mt. Vernon Bulls : RHP Francisco Esposo
|
Batting: RHB Albert McBride
|
0-0: Foul Ball, location: 2F 0-1: Swinging Strike 0-2: Strikes out swinging
|
Batting: RHB Pakarati Girawheen
|
0-0: Ball 1-0: Called Strike 1-1: Ground out 5-3 (Groundball, 56, EV 87.5 MPH)
|
Batting: RHB Myeong-keun Kim
|
0-0: Ball 1-0: Ground out 1-3 (Groundball, P, EV 80.0 MPH)
|
Top of the 4th over - 0 runs, 0 hits, 0 errors, 0 left on base; Eugene 1 - Mt. Vernon 3 |
BOTTOM OF THE 4TH |
Mt. Vernon Bulls batting - Pitching for Eugene Vandals : RHP Akke van der Lee
|
Batting: RHB Sergio Chávez
|
0-0: Ball 1-0: Foul Ball, location: 2F 1-1: Swinging Strike 1-2: Ball 2-2: Ball 3-2: Foul Ball, location: 2F 3-2: Base on Balls
|
Batting: RHB Donovan Carlson
|
0-0: Called Strike 0-1: Ball 1-1: Ball 2-1: Foul Ball, location: 2F 2-2: Strikes out swinging
|
Batting: RHB Roberto Sánchez
|
0-0: Called Strike 0-1: Ball 1-1: Called Strike 1-2: Foul Ball, location: 2F 1-2: Fly out, F7 (Flyball, 7S, EV 73.8 MPH)
|
Batting: RHB José González
|
0-0: Foul Ball, location: 2F 0-1: Ball 1-1: Ball 2-1: Ball 3-1: Ground out 4-3 (Groundball, 4, EV 88.8 MPH)
|
Bottom of the 4th over - 0 runs, 0 hits, 0 errors, 1 left on base; Eugene 1 - Mt. Vernon 3 |
TOP OF THE 5TH |
Eugene Vandals batting - Pitching for Mt. Vernon Bulls : RHP Francisco Esposo
|
Batting: RHB Qian-fu Zhou
|
0-0: Ball 1-0: Fly out, F7 (Line Drive, 7, EV 105.6 MPH)
|
Batting: RHB Per Coppens
|
0-0: Fly out, F6 (Popup, 6MS, EV 81.9 MPH)
|
Batting: RHB Jorge Cruz
|
0-0: Called Strike 0-1: SINGLE (Groundball, 56D, EV 98.1 MPH)
|
Batting: RHB António Reyes
|
0-0: Foul Ball, location: 2F 0-1: Ball 1-1: Ball 2-1: Foul Ball, location: 2F 2-2: Foul Ball, location: 2F 2-2: Fly out, F9 (Flyball, 89M, EV 78.8 MPH)
|
Top of the 5th over - 0 runs, 1 hit, 0 errors, 1 left on base; Eugene 1 - Mt. Vernon 3 |
BOTTOM OF THE 5TH |
Mt. Vernon Bulls batting - Pitching for Eugene Vandals : RHP Akke van der Lee
|
Batting: LHB Ben Bullock
|
0-0: Fly out, F8 (Flyball, 8LXD, EV 106.9 MPH)
|
Batting: LHB Philip Todd
|
0-0: Swinging Strike 0-1: Swinging Strike 0-2: Ball 1-2: Foul Ball, location: 2F 1-2: Ball 2-2: Strikes out looking
|
Batting: RHB Cyrillo Watson
|
0-0: Foul Ball, location: 2F 0-1: Ball 1-1: Ball 2-1: Fly out, F8 (Flyball, 8RD, EV 109.4 MPH)
|
Bottom of the 5th over - 0 runs, 0 hits, 0 errors, 0 left on base; Eugene 1 - Mt. Vernon 3 |
TOP OF THE 6TH |
Eugene Vandals batting - Pitching for Mt. Vernon Bulls : RHP Francisco Esposo
|
Batting: LHB Gabriel Anaya
|
0-0: Called Strike 0-1: SINGLE (Line Drive, 56D, EV 98.1 MPH)
|
Batting: RHB Meshach Ashpenaz
|
0-0: Ball 1-0: SINGLE (Line Drive, 89S, EV 109.4 MPH) Gabriel Anaya to second
|
Batting: RHB Albert McBride
|
0-0: Grounds into double play, 5-4-3 (Groundball, 56, EV 95.0 MPH) Gabriel Anaya to third
|
Batting: RHB Pakarati Girawheen
|
0-0: Ball 1-0: Called Strike 1-1: SINGLE (Groundball, 56D, EV 96.2 MPH) Gabriel Anaya scores
|
Batting: RHB Myeong-keun Kim
|
0-0: Ball 1-0: SINGLE (Groundball, 4MD, EV 95.6 MPH) Pakarati Girawheen to second
|
Batting: RHB Qian-fu Zhou
|
0-0: Ball 1-0: Swinging Strike 1-1: SINGLE (Line Drive, 4M, EV 98.8 MPH) Pakarati Girawheen to third Myeong-keun Kim to second Runner from 3rd tries for Home, SAFE, no throw by CF
|
Batting: RHB Per Coppens
|
0-0: Ball 1-0: Fly out, F9 (Flyball, 89S, EV 95.6 MPH)
|
Top of the 6th over - 2 runs, 5 hits, 0 errors, 2 left on base; Eugene 3 - Mt. Vernon 3 |
BOTTOM OF THE 6TH |
Mt. Vernon Bulls batting - Pitching for Eugene Vandals : RHP Akke van der Lee
|
Batting: RHB Cheng-ho Bu
|
0-0: Called Strike 0-1: Ball 1-1: Foul Ball, location: 2F 1-2: Foul Ball, location: 2F 1-2: Strikes out swinging
|
Batting: RHB John Polk
|
0-0: Swinging Strike 0-1: Called Strike 0-2: Strikes out swinging
|
Batting: RHB Sergio Chávez
|
0-0: Foul Ball, location: 2F 0-1: Called Strike 0-2: Ball 1-2: Fly out, F8 (Flyball, 89D, EV 92.5 MPH)
|
Bottom of the 6th over - 0 runs, 0 hits, 0 errors, 0 left on base; Eugene 3 - Mt. Vernon 3 |
TOP OF THE 7TH |
Eugene Vandals batting - Pitching for Mt. Vernon Bulls : RHP Francisco Esposo
|
Batting: RHB Jorge Cruz
|
0-0: Ball 1-0: Ball 2-0: Fly out, F9 (Line Drive, 9D, EV 95.6 MPH)
|
Batting: RHB António Reyes
|
0-0: Called Strike 0-1: Ball 1-1: Ground out U3 (Groundball, 3S, EV 75.6 MPH)
|
Batting: LHB Gabriel Anaya
|
0-0: Called Strike 0-1: Foul Ball, location: 2F 0-2: Foul Ball, location: 2F 0-2: Ground out U3 (Groundball, 3L, EV 97.5 MPH)
|
Top of the 7th over - 0 runs, 0 hits, 0 errors, 0 left on base; Eugene 3 - Mt. Vernon 3 |
BOTTOM OF THE 7TH |
Mt. Vernon Bulls batting - Pitching for Eugene Vandals : RHP Akke van der Lee
|
Batting: RHB Donovan Carlson
|
0-0: Ball 1-0: Ground out 4-3 (Groundball, 4, EV 85.6 MPH)
|
Pitching: RHP Juan Sánchez
|
|
Batting: RHB Roberto Sánchez
|
0-0: Ball 1-0: Swinging Strike 1-1: Fly out, F8 (Flyball, 8LS, EV 86.9 MPH)
|
Batting: RHB José González
|
0-0: Swinging Strike 0-1: Ball 1-1: Fly out, F8 (Flyball, 8RM, EV 92.5 MPH)
|
Bottom of the 7th over - 0 runs, 0 hits, 0 errors, 0 left on base; Eugene 3 - Mt. Vernon 3 |
TOP OF THE 8TH |
Eugene Vandals batting - Pitching for Mt. Vernon Bulls : RHP Francisco Esposo
|
Batting: RHB Meshach Ashpenaz
|
0-0: Called Strike 0-1: Swinging Strike 0-2: Strikes out swinging
|
Batting: RHB Albert McBride
|
0-0: Called Strike 0-1: Swinging Strike 0-2: SINGLE (Groundball, 56D, EV 95.0 MPH)
|
Batting: RHB Pakarati Girawheen
|
0-0: Ball 1-0: Ball 2-0: Foul Ball, location: 2F 2-1: Ball 3-1: Fielders Choice at 2nd, 1-4 (Groundball, 25, EV 84.4 MPH)
|
Batting: RHB Myeong-keun Kim
|
0-0: Foul Ball, location: 2F 0-1: Ball 1-1: Called Strike 1-2: Foul Ball, location: 2F 1-2: Foul Ball, location: 2F 1-2: Foul Ball, location: 2F 1-2: DOUBLE (Line Drive, 9LM, EV 111.9 MPH) Pakarati Girawheen to third
|
Pitching: LHP James Hall
|
|
Batting: RHB Qian-fu Zhou
|
0-0: Called Strike 0-1: Swinging Strike 0-2: Ball 1-2: Strikes out swinging
|
Top of the 8th over - 0 runs, 2 hits, 0 errors, 2 left on base; Eugene 3 - Mt. Vernon 3 |
BOTTOM OF THE 8TH |
Mt. Vernon Bulls batting - Pitching for Eugene Vandals : RHP Juan Sánchez
|
Batting: LHB Ben Bullock
|
0-0: Called Strike 0-1: Ball 1-1: Foul Ball, location: 2F 1-2: Fly out, F5 (Popup, 5SF, EV 78.1 MPH)
|
Batting: LHB Philip Todd
|
0-0: Ball 1-0: Foul Ball, location: 2F 1-1: Called Strike 1-2: Ball 2-2: Foul Ball, location: 2F 2-2: Foul Ball, location: 2F 2-2: Ball 3-2: Ground out U3 (Groundball, 3L, EV 99.4 MPH)
|
Batting: RHB Cyrillo Watson
|
0-0: Called Strike 0-1: Fly out, F8 (Flyball, 8RS, EV 95.6 MPH)
|
Bottom of the 8th over - 0 runs, 0 hits, 0 errors, 0 left on base; Eugene 3 - Mt. Vernon 3 |
TOP OF THE 9TH |
Eugene Vandals batting - Pitching for Mt. Vernon Bulls : LHP James Hall
|
Pitching: RHP Craig Wash
|
|
Pinch Hitting: RHB Xiao-yong Chu
|
0-0: Ball 1-0: Called Strike 1-1: Ball 2-1: Ball 3-1: DOUBLE (Line Drive, 89XD, EV 98.8 MPH) - OUT at third base trying to stretch hit.
|
Batting: RHB Jorge Cruz
|
0-0: Ball 1-0: Fly out, F3 (Line Drive, 3, EV 70.6 MPH)
|
Pinch Hitting: RHB Alejandro Hernández
|
0-0: Fly out, F9 (Flyball, 89M, EV 90.0 MPH)
|
Top of the 9th over - 0 runs, 1 hit, 0 errors, 0 left on base; Eugene 3 - Mt. Vernon 3 |
BOTTOM OF THE 9TH |
Mt. Vernon Bulls batting - Pitching for Eugene Vandals : RHP Juan Sánchez
|
Pitching: LHP Esteban Vásquez
|
|
Now at 2B: Joe O'Toole
|
|
Now in RF: Arturo Gallago
|
|
Batting: RHB Cheng-ho Bu
|
0-0: Foul Ball, location: 2F 0-1: Fly out, F8 (Flyball, 8RM, EV 93.1 MPH)
|
Batting: RHB John Polk
|
0-0: Ball 1-0: Foul Ball, location: 2F 1-1: Ball 2-1: SINGLE (Groundball, 6MD, EV 94.4 MPH)
|
Batting: RHB Sergio Chávez
|
0-0: Ball 1-0: Foul Ball, location: 2F 1-1: Ball 2-1: Fly out, F8 (Flyball, 89D, EV 87.5 MPH)
|
Batting: RHB Donovan Carlson
|
0-0: Ground out 1-3 (Groundball, 13, EV 88.8 MPH)
|
Bottom of the 9th over - 0 runs, 1 hit, 0 errors, 1 left on base; Eugene 3 - Mt. Vernon 3 |
TOP OF THE 10TH |
Eugene Vandals batting - Pitching for Mt. Vernon Bulls : RHP Craig Wash
|
Batting: LHB Gabriel Anaya
|
0-0: Called Strike 0-1: Ball 1-1: Fly out, F8 (Flyball, 8RM, EV 81.9 MPH)
|
Batting: RHB Meshach Ashpenaz
|
0-0: Foul Ball, location: 2F 0-1: Ball 1-1: Ball 2-1: Ball 3-1: Swinging Strike 3-2: Strikes out swinging
|
Batting: RHB Albert McBride
|
0-0: Ball 1-0: Ball 2-0: Called Strike 2-1: Called Strike 2-2: Ball 3-2: Foul Ball, location: 2F 3-2: Fly out, F8 (Line Drive, 8LM, EV 88.1 MPH)
|
Top of the 10th over - 0 runs, 0 hits, 0 errors, 0 left on base; Eugene 3 - Mt. Vernon 3 |
BOTTOM OF THE 10TH |
Mt. Vernon Bulls batting - Pitching for Eugene Vandals : LHP Esteban Vásquez
|
Batting: RHB Roberto Sánchez
|
0-0: Called Strike 0-1: Swinging Strike 0-2: Ball 1-2: Strikes out swinging
|
Batting: RHB José González
|
0-0: Foul Ball, location: 2F 0-1: Ball 1-1: Called Strike 1-2: Ball 2-2: Ball 3-2: Foul Ball, location: 2F 3-2: SOLO HOME RUN (Flyball, 7LD, EV 103.8 MPH), Distance : 338 ft
|
 |
Thursday, January 23rd, 2020 - OOTP Baseball 20.8 Build 74
|
|